 Dungeon Crawl Stone Soup version 0.26.0-10-g1f06aea511 (webtiles) character file.

Game seed: 6601400311381523014

113 Dracia the Grasshopper (level 4, -1/57 HPs)
             Began as a Gnoll Warper on Jan 15, 2021.
             Slain by Menkaure (11 damage)
             ... on level 4 of the Dungeon.
             The game lasted 00:03:15 (2687 turns).

Dracia the Grasshopper (Gnoll Warper)               Turns: 2687, Time: 00:03:16

Health: -1/57      AC: 22    Str: 19    XL:     4   Next: 96%
Magic:  11/11      EV:  2    Int: 16    God:
Gold:   223        SH:  0    Dex: 15    Spells: 5/13 levels left

rFire    + . .     SeeInvis .   a - +0 falchion
rCold    + . .     Faith    +   (no shield)
rNeg     + + +     Spirit   .   (armour currently unavailable)
rPois    +         Reflect  .   (helmet currently unavailable)
rElec    +         Harm     .   (cloak currently unavailable)
rCorr    +         Rampage  .   (gloves currently unavailable)
Will     .....     NoTele   +   (boots currently unavailable)
Stlth    ++........             T - amulet of faith {!P!P}
HPRegen  0.19/turn              S - +6 ring of strength
MPRegen  0.12/turn              (no ring)

@: tree-form, resistant
A: distributed training, strong nose
a: no special abilities


You were on level 4 of the Dungeon.
You were a tree.
You visited 1 branch of the dungeon, and saw 4 of its levels.

You collected 223 gold pieces.


Innate Abilities, Weirdness & Mutations

Your experience applies equally to all skills.
((You have very sharp teeth.))
Your uncanny sense of smell can sniff out nearby items.


   Skills:
 + Level 4.7 Fighting
 + Level 1.3 Short Blades
 + Level 4.7 Long Blades
 + Level 1.3 Axes
 + Level 1.3 Maces & Flails
 + Level 1.3 Polearms
 + Level 1.3 Staves
 + Level 1.3 Slings
 + Level 1.3 Bows
 + Level 1.3 Crossbows
 + Level 2.8 Throwing
 + Level 2.8 Armour
 + Level 4.7 Dodging
 + Level 1.3 Stealth
 + Level 1.3 Shields
 + Level 1.3 Unarmed Combat
 + Level 5.1 Spellcasting
 + Level 1.0 Conjurations
 + Level 1.0 Hexes
 + Level 1.0 Summonings
 + Level 1.0 Necromancy
 + Level 5.5 Translocations
 + Level 1.0 Transmutations
 + Level 1.0 Fire Magic
 + Level 1.0 Ice Magic
 + Level 1.0 Air Magic
 + Level 1.0 Earth Magic
 + Level 1.0 Poison Magic
 + Level 1.4 Invocations
 + Level 1.3 Evocations


You had 5 spell levels left.
You knew the following spells:

 Your Spells              Type           Power        Failure   Level
g - Gell's Gravitas       Tloc           10%          4%          3
l - Lesser Beckoning      Tloc           10%          4%          3
I - Blink                 Tloc           N/A          2%          2

Your spell library contained the following spells:

 Spells                   Type           Power        Failure   Level
 Teleport Other           Tloc           21%          4%          3
 Passage of Golubria      Tloc           N/A          16%         4

Inventory:

Hand Weapons
 a - a +0 falchion (weapon)
Missiles
 e - 5 boomerangs of dispersal (quivered) {=f=f}
Armour
 b - a +0 leather armour (melded)
 r - a cursed +0 pair of boots (melded)
Jewellery
 p - an uncursed amulet of reflection
 S - a +6 ring of strength (left branch)
 T - an amulet of faith (around neck) {!P!P}
Scrolls
 c - 2 scrolls of remove curse {unknown}
 d - a scroll of blinking
 g - a scroll of enchant weapon {unknown}
 h - 3 scrolls of identify {unknown}
 i - a scroll of magic mapping {unknown}
 j - a scroll of enchant armour {unknown}
 k - a scroll of fear {unknown}
 q - a scroll of amnesia {unknown}
Potions
 f - 2 potions of lignification
 l - 5 potions of curing {unknown}
 m - a potion of ambrosia {unknown}
 n - 2 potions of attraction {unknown}

Dungeon Overview and Level Annotations

Branches:
Dungeon (4/15)
 Temple: D:4-7

Altars:

Annotations:
D:4 Menkaure

### #.. #.# ∆
#.# #.###.####
#...M....###
#♣.....#
#######.#.#
#######.#####.#
#.............#
.#####.#######
#<# #.# #.# #.#


You could see Menkaure (fast).


Message History

Pain shoots through your body!
You closely miss Menkaure. Your bite misses Menkaure.
Menkaure closely misses you.
Unknown command.
You hit Menkaure.
Menkaure is lightly damaged.
Menkaure calls on the powers of darkness!
Your body is wracked with pain!
* * * LOW HITPOINT WARNING * * *
You closely miss Menkaure.
Menkaure is lightly damaged.
Menkaure barely misses you.
Unknown command.
You hit Menkaure.
Menkaure is lightly damaged.
Menkaure hits you.
* * * LOW HITPOINT WARNING * * *
Menkaure hits you but does no damage.
Unknown command.
It was a potion of resistance.
You feel protected.
Menkaure calls on the powers of darkness!
Your body is wracked with pain!
* * * LOW HITPOINT WARNING * * *
Menkaure is nearby!
It was a potion of lignification.
You turn into a tree.
Your cursed +0 pair of boots melds into your body.
Your +0 leather armour melds into your body.
Your roots penetrate the ground.
Menkaure hits you!
You die...

Skill      XL: |  1  2  3  4 |
---------------+-------------+-----
Spellcasting   | 5 |  5.1
Invocations    | 1 |  1.4
Short Blades   | 1 |  1.3
Axes           | 1 |  1.3
Maces & Flails | 1 |  1.3
Polearms       | 1 |  1.3
Staves         | 1 |  1.3
Slings         | 1 |  1.3
Bows           | 1 |  1.3
Crossbows      | 1 |  1.3
Stealth        | 1 |  1.3
Shields        | 1 |  1.3
Unarmed Combat | 1 |  1.3
Evocations     | 1 |  1.3
Conjurations   | 1 |  1.0
Hexes          | 1 |  1.0
Summonings     | 1 |  1.0
Necromancy     | 1 |  1.0
Transmutations | 1 |  1.0
Fire Magic     | 1 |  1.0
Ice Magic      | 1 |  1.0
Air Magic      | 1 |  1.0
Earth Magic    | 1 |  1.0
Poison Magic   | 1 |  1.0
Fighting       | |  4.7
Long Blades    | |  4.7
Throwing       | |  2.8
Armour         | |  2.8
Dodging        | |  4.7
Translocations | |  5.5

Action                   |  1- 3 |  4- 6 || total
-------------------------+-------+-------++-------
Melee: Falchion          |   103 |    57 ||   160
       Bite              |    18 |     8 ||    26
       Punch             |       |     1 ||     1
  Use: Potion            |       |     2 ||     2
 Stab: Sleeping          |       |     4 ||     4
Armor: Leather armour    |    23 |     4 ||    27
Dodge: Dodged            |   115 |    41 ||   156
Block: Other             |       |     3 ||     3
       Rpst.: Falchion   |    35 |    17 ||    52

Levels and vault maps discovered:
D:1:      lightli_arrival_flooded_house, layout_loops_ring
D:2:      layout_rooms, amethyst_killhole, kennysheep_potato
D:3:      layout_basic, lightli_corner_chamber
D:4:      layout_loops_ring, minmay_temple_entry_glassed_door, uniq_menkaure

Notes
Turn   | Place    | Note
-------+----------+-------------------------------------------
     0 | D:1      | Dracia the Gnoll Warper began the quest for the Orb.
     0 | D:1      | Reached XP level 1. HP: 20/20 MP: 6/6
   230 | D:1      | Reached XP level 2. HP: 24/26 MP: 7/7
   300 | D:1      | Learned a level 2 spell: Blink
   680 | D:1      | Reached XP level 3. HP: 29/31 MP: 9/9
   684 | D:1      | Learned a level 3 spell: Gell's Gravitas
   688 | D:1      | Learned a level 3 spell: Lesser Beckoning
   704 | D:1      | Reached skill level 5 in Spellcasting
   972 | D:2      | Reached skill level 1 in Invocations
  1167 | D:2      | Reached skill level 1 in Short Blades
  1167 | D:2      | Reached skill level 1 in Axes
  1167 | D:2      | Reached skill level 1 in Maces & Flails
  1167 | D:2      | Reached skill level 1 in Polearms
  1167 | D:2      | Reached skill level 1 in Staves
  1167 | D:2      | Reached skill level 1 in Slings
  1167 | D:2      | Reached skill level 1 in Bows
  1167 | D:2      | Reached skill level 1 in Crossbows
  1167 | D:2      | Reached skill level 1 in Stealth
  1167 | D:2      | Reached skill level 1 in Shields
  1167 | D:2      | Reached skill level 1 in Unarmed Combat
  1167 | D:2      | Reached skill level 1 in Evocations
  1418 | D:2      | Reached XP level 4. HP: 24/38 MP: 11/11
  2197 | D:3      | Reached skill level 1 in Conjurations
  2197 | D:3      | Reached skill level 1 in Hexes
  2197 | D:3      | Reached skill level 1 in Summonings
  2197 | D:3      | Reached skill level 1 in Necromancy
  2197 | D:3      | Reached skill level 1 in Transmutations
  2197 | D:3      | Reached skill level 1 in Fire Magic
  2197 | D:3      | Reached skill level 1 in Ice Magic
  2197 | D:3      | Reached skill level 1 in Air Magic
  2197 | D:3      | Reached skill level 1 in Earth Magic
  2197 | D:3      | Reached skill level 1 in Poison Magic
  2678 | D:4      | Noticed Menkaure
  2686 | D:4      | Identified a potion of resistance
  2687 | D:4      | Slain by Menkaure

Vanquished Creatures
  4 adders
  A shadow imp (D:3)
  2 oozes (D:2)
  3 worms
  2 dart slugs
  A giant cockroach (D:3)
  4 goblins
  8 hobgoblins
  8 kobolds
  A quokka (D:3)
  9 bats
  3 frilled lizards
  7 rats
53 creatures vanquished.

Table legend: (Time is in decaauts)
 A = Elapsed time spent in this place.
 B = Non-inter-level travel time spent in this place.
 C = Inter-level travel time spent in this place.
 D = Time resting spent in this place.
 E = Time spent auto-exploring this place.
 F = Levels seen in this place.
 G = Mean time per level.
                   A        B        C        D        E       F      G
               +--------+--------+--------+--------+--------+-----+--------+
         Total |   2699 |   2635 |     64 |    375 |   1880 |   4 |  674.8 |
       Dungeon |   2699 |   2635 |     64 |    375 |   1880 |   4 |  674.8 |
               +--------+--------+--------+--------+--------+-----+--------+

Top non-repeatable levels by time:
     D:2: 993 daAuts
     D:3: 945 daAuts
     D:1: 742 daAuts
     D:4: 16 daAuts

Table legend:
 A = Non-vault XP
 B = Vault XP
 C = Vault XP percentage of total XP
 D = Non-vault monster count
 E = Vault monster count
 F = Vault count percentage of total count
                 A         B        C        D         E       F
            +---------+---------+-------+---------+---------+-------
      Total |     156 |       6 |   3.7 |      51 |       2 |   3.8
            +---------+---------+-------+---------+---------+-------
        D:1 |      39 |       0 |   0.0 |      16 |       0 |   0.0
        D:2 |      47 |       6 |  11.3 |      16 |       2 |  11.1
        D:3 |      70 |       0 |   0.0 |      19 |       0 |   0.0
            +---------+---------+-------+---------+---------+-------
